Map: Pendiente de Agustín EE

Players

MrFercho

  • Race: Zerg Zerg
  • League: Silver
  • Spawn Location: 6:00

tigro

  • Race: Terran Terran
  • League: Bronze
  • Spawn Location: 5:00

TATORREA

  • Race: Protoss Protoss
  • League: Silver
  • Spawn Location: 6:00

Fabry

  • Race: Protoss Protoss
  • Spawn Location: 11:00

Dinkleberg

  • Race: Zerg Zerg
  • League: Silver
  • Spawn Location: 12:00

Diego

  • Race: Terran Terran
  • Spawn Location: 12:00

VOD

Have the link to the VOD?

Description

Time

  • Played on: May 22, 2020, 9:04 p.m.
  • Length: 9:16
Show
View Real Time Build Order
Export as new Build Order

MrFercho Zerg 

Build Orders: Pool First 

Get SALT Encoding   

  12  0:02  Drone  
  13  0:17  Overlord  
  13  0:27  Drone  
  14  0:33  Extractor  
  14  0:35  Drone  
  14  0:37  Drone  
  14  0:42  Extractor, Drone  
  15  0:54  Drone  
  16  1:05  Spawning Pool  
  15  1:11  Drone  
  15  1:16  Drone  
  17  1:33  Drone x2  
  19  1:45  Hatchery, Drone  
  19  1:54  Metabolic Boost  
  19  1:58  Queen  
  21  2:05  Overlord  
  22  2:22  Drone  
  22  2:24  Drone  
  23  2:53  Drone x3  
  26  3:25  Lair  
  26  3:37  Drone x3  
  29  4:15  Overlord  
  29  4:16  Overlord x3  
  29  4:38  Hatchery  
  29  4:42  Hatchery  
  27  4:48  Hatchery  
  26  4:53  Evolution Chamber  
  25  5:07  Hydralisk Den  
  25  5:12  Zergling x4  
  25  5:13  Zergling x14  
  33  5:20  Zerg Ground Armor Level 1  
  33  5:57  Grooved Spines  
  31  6:04  Evolution Chamber  
  23  6:40  Zergling x2  
  23  6:41  Zergling x28  
  38  6:57  Extractor  
  38  6:58  Extractor  
  38  6:59  Drone x5  
  26  7:47  Hydralisk x13  
  26  7:48  Hydralisk x2  
  32  8:33  Hydralisk x5  
  16  8:58  Zergling x4  
  16  8:59  Zergling x2  
Show
View Real Time Build Order
Export as new Build Order

tigro Terran 

Build Orders:  

Get SALT Encoding   

  12  0:03  SCV  
  13  0:15  SCV  
  14  0:21  Supply Depot  
  14  0:27  SCV  
  15  0:36  Refinery  
  15  0:43  SCV  
  16  0:54  Barracks  
  16  0:59  SCV  
  17  1:11  SCV  
  18  1:13  Supply Depot  
  18  1:23  SCV  
  19  1:35  SCV  
  19  1:39  Refinery  
  20  1:44  Marine  
  21  1:47  SCV  
  22  1:59  SCV  
  23  2:02  Marine  
  24  2:09  Barracks  
  24  2:11  SCV  
  25  2:20  Marine  
  26  2:23  SCV  
  26  2:29  Engineering Bay  
  27  2:37  Orbital Command  
  27  2:38  Marine  
  28  2:56  Marine  
  29  3:07  Barracks Tech Lab  
  29  3:27  Command Center, Barracks Tech Lab  
  29  3:30  Marauder  
  31  3:35  Combat Shield  
  31  3:51  Marauder  
  31  3:52  Factory  
  33  3:57  Stimpack  
  33  4:04  Reaper  
  34  4:12  Marauder  
  36  4:32  Terran Infantry Weapons Level 1  
  36  4:34  Marauder  
  36  4:36  Reaper  
  39  4:40  Refinery  
  39  4:48  SCV  
  40  4:54  Concussive Shells, Factory Tech Lab  
  40  4:55  Marauder  
  42  5:00  SCV  
  42  5:05  Starport  
  43  5:08  Reaper  
  43  5:12  SCV  
  45  5:16  Marine  
  46  5:24  SCV  
  47  5:30  Refinery  
  47  5:34  Marine  
  40  5:36  SCV  
  40  5:40  Reaper  
  26  5:52  Marine  
  11  6:10  Marine  
  1  6:51  Starport Tech Lab  
Show
View Real Time Build Order
Export as new Build Order

TATORREA Protoss 

Build Orders:  

Get SALT Encoding   

  12  0:03  Probe  
  13  0:25  Probe  
  14  0:33  Pylon  
  14  0:38  Probe  
  15  0:44  Assimilator  
  15  0:51  Probe  
  16  1:03  Probe  
  17  1:19  Probe  
  18  1:25  Gateway  
  18  1:28  Gateway  
  18  1:32  Probe  
  19  1:52  Nexus  
  19  1:54  Probe  
  20  1:58  Assimilator  
  20  1:59  Pylon  
  20  2:06  Probe  
  21  2:18  Probe  
  22  2:44  Cybernetics Core  
  22  2:45  Forge  
  22  2:48  Pylon  
  22  2:53  Pylon  
  22  3:13  Probe  
  22  3:17  Probe  
  24  3:23  Protoss Ground Weapons Level 1  
  24  3:25  Probe  
  24  3:26  Warp Gate  
  25  3:29  Stalker, Probe  
  28  3:37  Stalker, Probe  
  31  3:41  Probe  
  32  3:49  Probe  
  32  3:54  Probe  
  34  4:08  Stargate  
  34  4:09  Probe x2  
  36  4:11  Stargate  
  36  4:15  Pylon  
  36  4:19  Pylon  
  36  4:21  Stalker, Probe  
  36  4:22  Probe  
  40  4:25  Stalker  
  42  4:33  Probe  
  42  4:34  Probe  
  44  4:47  Twilight Council  
  44  4:50  Robotics Facility  
  44  4:59  Void Ray  
  44  5:06  Probe x2  
  50  5:14  Assimilator  
  50  5:17  Assimilator  
  50  5:27  Void Ray  
  42  6:47  Void Ray x2  
  42  6:49  Immortal  
  42  6:54  Stalker  
Show
View Real Time Build Order
Export as new Build Order

Fabry Protoss 

Build Orders:  

Get SALT Encoding   

  12  0:02  Probe (Chrono Boost)  
  13  0:11  Probe (Chrono Boost)  
  14  0:22  Pylon  
  14  0:26  Probe  
  15  0:40  Probe  
  16  0:46  Gateway  
  16  0:57  Pylon  
  16  1:04  Gateway  
  16  1:05  Probe  
  17  1:17  Assimilator, Probe  
  18  1:30  Probe  
  19  1:34  Zealot  
  21  1:42  Probe  
  22  1:54  Cybernetics Core  
  22  2:00  Zealot  
  24  2:01  Zealot  
  26  2:27  Gateway  
  26  2:32  Pylon  
  26  2:37  Pylon  
  26  2:43  Twilight Council  
  26  2:44  Forge  
  26  2:56  Stalker  
  28  3:15  Warp Gate (Chrono Boost)  
  28  3:25  Zealot  
  28  3:26  Zealot  
  32  3:30  Zealot  
  34  3:43  Charge (Chrono Boost)  
  34  3:52  Zealot  
  34  3:53  Zealot  
  38  3:57  Zealot  
  40  4:13  Nexus  
  40  4:19  Zealot  
  40  4:20  Zealot  
  40  4:23  Protoss Ground Weapons Level 1 (Chrono Boost)  
  46  4:24  Zealot  
  46  5:02  Pylon  
  46  5:05  Pylon  
  46  5:08  Pylon  
  46  5:20  Zealot x3  
  52  5:37  Probe x2  
  54  5:47  Zealot  
  54  5:49  Probe x2  
  58  6:01  Probe x2  
  60  6:13  Probe x2  
  60  6:15  Zealot  
  62  7:07  Zealot  
  62  7:08  Zealot x2  
  68  7:31  Zealot x3  
  72  7:53  Zealot x3  
  76  8:02  Gateway  
  76  8:03  Gateway  
  76  8:06  Gateway  
  76  8:08  Gateway  
  76  8:10  Gateway  
  72  8:14  Gateway  
  72  8:15  Gateway  
  66  8:23  Probe x2  
  62  8:29  Zealot  
  62  8:30  Zealot x2  
  68  8:35  Probe  
  68  8:36  Probe  
  70  8:47  Probe  
  70  8:48  Probe  
  72  9:00  Probe, Nexus  
  73  9:06  Pylon  
  73  9:07  Pylon  
Show
View Real Time Build Order
Export as new Build Order

Dinkleberg Zerg 

Build Orders: Pool First, Roach Nydus 

Get SALT Encoding   

  12  0:02  Drone  
  13  0:13  Overlord  
  13  0:17  Drone  
  14  0:31  Drone x2  
  16  0:38  Drone  
  17  0:50  Spawning Pool  
  17  0:53  Drone  
  17  0:55  Extractor  
  16  0:59  Drone  
  17  1:08  Drone  
  18  1:21  Drone  
  19  1:31  Overlord  
  19  1:42  Drone  
  20  1:53  Drone  
  21  1:59  Metabolic Boost  
  21  2:03  Queen  
  21  2:04  Hatchery  
  22  2:22  Drone x2  
  24  2:24  Drone  
  24  2:28  Extractor  
  24  2:38  Drone  
  25  2:44  Queen  
  27  3:00  Zergling x4, Roach Warren  
  28  3:14  Zergling x4  
  28  3:15  Zergling x2  
  28  3:16  Lair  
  28  3:18  Overlord  
  28  3:19  Overlord  
  31  3:35  Zergling x2  
  31  3:36  Zergling x2  
  31  3:38  Overlord  
  31  3:40  Zergling x2  
  34  3:56  Zergling x4  
  34  3:59  Roach  
  34  4:00  Roach  
  40  4:09  Roach  
  42  4:12  Roach  
  42  4:13  Roach  
  46  4:17  Nydus Network  
  45  4:25  Hydralisk Den  
  45  4:27  Drone  
  45  4:28  Drone  
  46  4:38  Roach x3  
  52  4:43  Roach  
  54  4:48  Zergling x2  
  55  5:12  Nydus Canal  
  55  5:15  Hydralisk  
  55  5:16  Hydralisk  
  55  5:20  Overlord x2  
  59  5:39  Hydralisk x3  
  48  6:17  Zergling x6  
  51  6:19  Zergling x6  
  50  7:00  Nydus Canal  
  50  7:03  Hydralisk x3  
  50  7:06  Hydralisk x3  
  61  7:46  Nydus Network  
  60  8:25  Zergling x6  
  61  8:27  Zergling x2  
  61  8:28  Zergling x4  
  64  8:37  Nydus Canal  
Show
View Real Time Build Order
Export as new Build Order

Diego Terran 

Build Orders:  

Get SALT Encoding   

  12  0:03  SCV  
  13  0:16  Supply Depot  
  13  0:19  SCV  
  14  0:31  SCV  
  15  0:39  Barracks  
  15  0:43  SCV  
  15  0:48  Refinery  
  16  0:55  SCV  
  17  1:06  Barracks  
  17  1:09  SCV  
  18  1:21  SCV  
  19  1:27  Supply Depot  
  19  1:33  SCV  
  20  1:45  Barracks, Marine, SCV  
  22  1:51  Supply Depot  
  22  1:57  Marine, SCV  
  24  2:11  Engineering Bay  
  24  2:15  Marine x2  
  26  2:35  Marine x3, Refinery  
  29  2:48  Missile Turret  
  29  2:51  Supply Depot  
  29  2:52  Marine  
  29  2:53  Marine x2  
  32  3:11  Barracks Tech Lab  
  32  3:13  Marine x2  
  34  3:21  Factory  
  34  3:22  SCV  
  35  3:31  Marine, Missile Turret  
  36  3:34  SCV  
  36  3:35  Marine  
  36  3:36  Marine  
  39  3:43  Combat Shield  
  39  3:49  Marine  
  40  4:01  Supply Depot  
  40  4:02  Marine  
  40  4:03  Marine  
  42  4:20  Starport  
  42  4:23  Marine x3  
  45  4:31  Terran Infantry Weapons Level 1  
  45  4:43  Barracks Reactor  
  45  4:44  Barracks Reactor  
  45  5:01  Supply Depot  
  45  5:02  Stimpack  
  45  5:24  Marine x4  
  45  5:25  Marine  
  50  5:34  Orbital Command  
  50  5:42  Medivac  
  52  5:53  Marine x3  
  52  5:54  Marine x2  
  52  6:12  Medivac  
  49  6:18  Marine  
  49  6:19  Marine x4  
  54  6:36  Marine x2  
  56  6:50  Marine x2  
  56  6:51  Marine  
  59  6:54  Marine  
  59  6:57  Medivac  
  62  7:06  Supply Depot  
  62  8:08  Marine x3  
  62  8:09  Marine x2  
  62  8:11  SCV  
  65  8:24  SCV  
  57  8:36  SCV  
  60  9:13  Supply Depot  
Tags
 
Add a new tag
Caveats
  • Supply blocks, unpowered buildings, or Contaminate may cause inaccurate times.
  • Supply counts are checked every 10 seconds.